 Dungeon Crawl Stone Soup version 0.27.1 (webtiles) character file.

Game seed: 15641878399710841512

163 Ijustatesigmund the Skirmisher (level 5, -1/33 HPs)
             Began as a Gargoyle Fighter on Aug 25, 2021.
             Engulfed by a fire crab (shapeshifter)'s flame (15 damage)
             ... on level 1 of the Abyss.
             The game lasted 00:01:11 (619 turns).

Ijustatesigmund the Skirmisher (Gargoyle Fighter)    Turns: 619, Time: 00:01:12

Health: -1/33      AC: 11    Str: 20    XL:     5   Next: 44%
Magic:  5/5        EV:  7    Int:  8    God:
Gold:   158        SH:  9    Dex: 10    Spells: 4/4 levels left

rFire    . . .     SeeInvis .   a - +0 flail
rCold    . . .     Faith    .   c - +0 kite shield
rNeg     + . .     Spirit   .   b - +0 scale mail
rPois    ∞         Reflect  .   (no helmet)
rElec    +         Harm     .   (no cloak)
rCorr    .         Rampage  .   (no gloves)
Will     .....                  (no boots)
Stlth    ..........             (no amulet)
HPRegen  0.11/turn              (no ring)
MPRegen  0.09/turn              (no ring)

@: mighty
A: sickness immunity, AC +4, negative energy resistance 1, electricity
resistance, torment resistance 1, petrification resistance
a: no special abilities


You were on level 1 of the Abyss.
You visited 1 branch of the dungeon, and saw 1 of its levels.
You visited the Abyss 1 time.

You collected 158 gold pieces.

Inventory:

Hand Weapons
 a - a +0 flail (weapon)
Armour
 b - a +0 scale mail (worn)
 c - a +0 kite shield (worn)
Wands
 g - a wand of iceblast (10)
Potions
 e - a potion of attraction
 f - a potion of invisibility {unknown}


   Skills:
 + Level 4.1 Fighting
 * Level 3.7 Maces & Flails
 + Level 4.1 Armour
 + Level 4.1 Shields


You had 4 spell levels left.
You didn't know any spells.
Your spell library was empty.

Dungeon Overview and Level Annotations

Branches:
Dungeon (1/15)

Altars:


Innate Abilities, Weirdness & Mutations

You are immune to sickness and miasma.
Your stone body is resilient. (AC +4)
You are immune to poison.
You resist negative energy. (rN+)
You are resistant to electric shocks. (rElec)
You are resistant to unholy torment.
You are immune to petrification.


Message History

A ynoxinul comes into view.
The ynoxinul bellows!
A yaktaur comes into view.
The yaktaur shouts!
You sock the ynoxinul!
The ynoxinul is moderately wounded.
You block the ynoxinul's attack.
You hit the ynoxinul.
The ynoxinul is moderately wounded.
The yaktaur changes into a fire crab!
You block the ynoxinul's attack. The ynoxinul closely misses you.
You sock the ynoxinul!
The ynoxinul is severely wounded.
The ynoxinul gestures.
You hit the ynoxinul.
The ynoxinul is almost dead.
You block the ynoxinul's attack. The ynoxinul gestures at you.
You block the iron shot. The ufetubus hits you. The ufetubus barely misses you.
You sock the ynoxinul!
You kill the ynoxinul!
The ufetubus disappears in a puff of smoke! x3
The fire crab breathes flames at you. The blast of flame engulfs you!
Ouch! That really hurt!
Your Fighting skill increases to level 4!
Your Maces & Flails skill increases to level 3!
Your Armour skill increases to level 4!
Your Shields skill increases to level 4!
You have reached level 3!
Your experience leads to an increase in your attributes!
Increase (S)trength, (I)ntelligence, or (D)exterity?
You feel agile.
You have reached level 4!
You feel stronger.
You have reached level 5!
You feel very mighty all of a sudden.
The substance of the Abyss twists violently, and a gateway leading out appears!
You are engulfed in blazing flames.
You die...

#. # .##..# #.###
## #..# ## #... #
# ###..# #..
#.#..#....##
##.#...## ## ..
#. #..###.# ...#.
# #.# #.°#°.###
#.#### .
#..§#§#°.#.
.##....# #°@°°#.
.##.#. .##
.....t°°##..# ..#
...#.
#.##°°#######.(##
.# # #°. .## ###
# . #.# ## .## ##
## .


You could see a fire crab shaped shifter.

Vanquished Creatures
  A ynoxinul (Abyss:1)
  2 bats (D:1)
  2 goblins (D:1)
  A hobgoblin (D:1)
  2 kobolds (D:1)
  3 ball pythons (D:1)
  4 frilled lizards (D:1)
  2 rats (D:1)
17 creatures vanquished.

Notes
Turn   | Place    | Note
-------+----------+-------------------------------------------
     0 | D:1      | Ijustatesigmund the Gargoyle Fighter began the quest for
                  | the Orb.
     0 | D:1      | Reached XP level 1. HP: 14/14 MP: 1/1
   278 | D:1      | Reached XP level 2. HP: 19/19 MP: 2/2
   530 | D:1      | Cast into level 1 of the Abyss (kobold)
   611 | Abyss:1  | Noticed a ynoxinul
   613 | Abyss:1  | Noticed a yaktaur
   615 | Abyss:1  | Noticed a fire crab
   615 | Abyss:1  | a yaktaur changed into a fire crab
   618 | Abyss:1  | Killed a ynoxinul
   619 | Abyss:1  | Reached XP level 3. HP: 10/24 MP: 3/3
   619 | Abyss:1  | Reached XP level 4. HP: 12/29 MP: 4/4
   619 | Abyss:1  | Reached XP level 5. HP: 14/33 MP: 5/5
   619 | Abyss:1  | Engulfed by a fire crab (shapeshifter)'s flame

Illustrated notes

Levels and vault maps discovered:
D:1:      kennysheep_arrival_forest, layout_rooms,
          chequers_serial_rivers_micro_a, kennysheep_another_room,
          serial_bayou_pond_c, bh_walls_and_bars
Abyss:1:  base: D:1, base:
Temple

Skill      XL: |  1  2 |
---------------+-------+-----
Fighting       | 4 |  4.1
Maces & Flails | 3 |  3.7
Armour         | 4 |  4.1
Shields        | 4 |  4.1

Action                   |  1- 3 |  4- 6 || total
-------------------------+-------+-------++-------
Melee: Flail             |    52 |       ||    52
  Use: Scroll            |     1 |       ||     1
       Potion            |       |     1 ||     1
Armor: Scale mail        |    19 |       ||    19
Dodge: Dodged            |    15 |       ||    15
Block: Kite shield       |    36 |       ||    36
